Map: Deathaura LE

Players

Dark - Winner!

  • Race: Zerg Zerg
  • Spawn Location: 11:00

Serral

  • Race: Zerg Zerg
  • Spawn Location: 5:00

Event: TSL 6

VOD

Have the link to the VOD?

Description

Time

  • Played on: Dec. 20, 2020, 5:54 p.m.
  • Length: 10:43

All games in this series

Show
View Real Time Build Order
Export as new Build Order

Dark Zerg - Winner!

Build Orders: Hatch First, Muta Ling Bane 

Get SALT Encoding   

  12  0:06  Drone  
  13  0:13  Overlord  
  13  0:17  Drone  
  14  0:31  Drone x2  
  16  0:49  Hatchery  
  15  0:52  Drone  
  15  0:55  Drone  
  17  1:01  Drone  
  18  1:10  Extractor  
  17  1:16  Spawning Pool  
  17  1:17  Drone  
  17  1:21  Drone  
  18  1:32  Drone  
  19  1:43  Drone  
  20  1:54  Drone  
  21  2:01  Drone  
  21  2:02  Queen x2  
  21  2:05  Drone  
  27  2:11  Overlord  
  27  2:14  Metabolic Boost  
  27  2:17  Drone  
  28  2:30  Drone x2  
  28  2:33  Zergling x2  
  31  2:38  Zergling x2  
  31  2:42  Hatchery  
  31  2:45  Queen  
  33  2:54  Baneling Nest  
  32  2:58  Overlord  
  32  2:59  Drone  
  32  3:00  Drone  
  34  3:06  Drone x2  
  36  3:17  Drone x5  
  41  3:26  Overlord  
  41  3:29  Drone x2  
  41  3:30  Drone  
  44  3:37  Lair  
  44  3:40  Evolution Chamber  
  43  3:42  Drone  
  43  3:45  Drone x2  
  43  3:48  Extractor  
  45  3:52  Drone  
  45  3:53  Drone x2  
  45  3:54  Zergling x2  
  48  3:56  Zergling x6  
  48  4:02  Drone x2  
  53  4:04  Extractor  
  53  4:05  Zerg Melee Weapons Level 1  
  53  4:06  Extractor  
  53  4:07  Drone x2  
  53  4:12  Drone  
  54  4:23  Drone x3  
  57  4:26  Baneling x2  
  57  4:27  Zergling x2  
  57  4:28  Overlord  
  58  4:38  Overlord x2  
  58  4:41  Spire  
  58  4:45  Drone  
  57  4:47  Drone  
  57  4:49  Drone x4  
  57  4:50  Baneling  
  57  4:51  Baneling  
  57  4:52  Drone x3  
  65  4:54  Overlord  
  65  5:01  Drone  
  65  5:02  Drone x4  
  65  5:06  Drone  
  71  5:08  Overlord  
  71  5:16  Extractor  
  69  5:23  Spine Crawler  
  69  5:24  Spine Crawler  
  69  5:25  Spine Crawler  
  69  5:26  Spine Crawler  
  65  5:29  Drone x4  
  65  5:31  Drone x3  
  65  5:32  Extractor  
  71  5:37  Zergling x8  
  71  5:38  Zergling x4  
  77  5:49  Drone  
  82  5:52  Mutalisk x5  
  91  5:58  Mutalisk  
  91  6:00  Drone  
  94  6:05  Zerg Melee Weapons Level 2, Zerg Flyer Weapons Level 1, Hatchery  
  94  6:06  Mutalisk  
  95  6:11  Drone x2  
  95  6:16  Overlord  
  95  6:17  Overlord  
  97  6:21  Overlord x2  
  97  6:22  Overlord  
  97  6:23  Drone  
  98  6:25  Hatchery  
  97  6:34  Drone x3  
  97  6:35  Drone x3  
  102  6:40  Centrifical Hooks, Drone x4  
  106  6:53  Drone x6  
  109  7:01  Overlord  
  109  7:03  Extractor  
  109  7:05  Extractor  
  107  7:09  Mutalisk x9  
  107  7:15  Drone x3  
  128  7:16  Drone  
  128  7:17  Drone x2  
  128  7:18  Drone  
  131  7:25  Queen  
  131  7:28  Drone  
  134  7:30  Mutalisk x3  
  134  7:35  Mutalisk  
  142  7:40  Overlord x2  
  142  7:41  Mutalisk x2  
  146  7:48  Overlord, Unknown  
  146  7:49  Zergling x16  
  153  7:51  Unknown  
  153  7:55  Overseer  
  153  7:57  Pneumatized Carapace  
  153  7:58  Overlord x3  
  152  8:00  Overlord x2  
  152  8:03  Overseer  
  152  8:04  Baneling x11  
  152  8:07  Zergling x6  
  152  8:08  Zergling x6  
  158  8:14  Zergling x12  
  158  8:15  Zergling x4  
  158  8:18  Baneling  
  158  8:19  Baneling x6  
  162  8:30  Mutalisk x4  
  162  8:32  Zergling x6  
  167  8:36  Drone x3  
  168  8:47  Zergling x18  
  175  8:50  Baneling  
  175  8:53  Mutalisk x2  
  175  8:54  Mutalisk  
  181  8:57  Baneling x4  
  181  9:02  Zergling x4  
  183  9:05  Zergling x4  
  185  9:12  Zergling x16  
  185  9:14  Zergling x2  
  193  9:21  Infestation Pit  
  193  9:22  Evolution Chamber  
  193  9:23  Hatchery  
  189  9:26  Baneling x4  
  189  9:29  Baneling x5  
  189  9:30  Baneling  
  189  9:31  Baneling x2  
  189  9:33  Zergling x18  
  189  9:35  Baneling  
  189  9:36  Baneling x5  
  198  9:41  Zergling x8  
  198  9:45  Baneling x2  
  194  9:55  Mutalisk x3  
  194  9:59  Zergling x4  
  200  10:03  Zergling x2  
  197  10:12  Mutalisk x7  
  196  10:16  Zergling x4  
  196  10:19  Zergling x14  
  196  10:22  Zergling x2  
  196  10:26  Zergling x6  
Show
View Real Time Build Order
Export as new Build Order

Serral Zerg 

Build Orders: Hatch First, Lurkers 

Get SALT Encoding   

  12  0:01  Drone  
  13  0:12  Overlord  
  13  0:17  Drone  
  14  0:30  Drone x2  
  16  0:47  Hatchery  
  15  0:51  Drone  
  15  0:54  Drone  
  17  0:58  Drone  
  18  1:09  Extractor  
  17  1:12  Spawning Pool  
  17  1:16  Drone  
  17  1:19  Drone  
  18  1:28  Drone  
  19  1:38  Drone  
  20  1:49  Drone  
  21  1:59  Queen  
  21  2:00  Overlord, Queen  
  21  2:01  Zergling x2  
  26  2:08  Metabolic Boost  
  26  2:10  Drone  
  26  2:11  Drone  
  28  2:20  Drone  
  28  2:21  Drone  
  30  2:32  Hatchery  
  30  2:34  Drone  
  30  2:36  Drone  
  31  2:44  Queen  
  31  2:49  Baneling Nest  
  32  2:53  Overlord  
  32  2:56  Drone  
  33  2:58  Zergling x2  
  33  3:02  Drone  
  35  3:06  Zergling x2  
  35  3:12  Zergling x4  
  38  3:13  Drone x3  
  38  3:18  Overlord  
  41  3:22  Zergling x2  
  41  3:25  Drone x2  
  44  3:31  Evolution Chamber  
  44  3:33  Drone  
  44  3:40  Drone x4  
  48  3:44  Overlord  
  48  3:45  Drone x2  
  50  3:52  Drone  
  50  3:53  Drone x2  
  53  3:56  Drone  
  53  3:57  Drone  
  53  3:58  Zerg Missile Weapons Level 1  
  53  4:00  Drone  
  56  4:04  Lair  
  56  4:06  Drone  
  57  4:13  Roach Warren, Drone  
  57  4:14  Drone  
  58  4:18  Extractor, Baneling  
  58  4:19  Extractor  
  58  4:21  Overlord  
  58  4:22  Drone x2  
  58  4:23  Drone  
  59  4:25  Drone  
  59  4:28  Drone x3  
  59  4:31  Drone  
  64  4:32  Drone  
  64  4:35  Drone  
  66  4:39  Overlord  
  66  4:42  Overlord  
  66  4:43  Extractor  
  66  4:45  Overlord  
  65  4:50  Overlord  
  64  4:54  Extractor, Roach x4  
  71  5:01  Pneumatized Carapace  
  71  5:04  Overlord  
  71  5:13  Drone x9  
  80  5:19  Drone x3  
  80  5:22  Drone x3  
  80  5:24  Overseer  
  80  5:28  Glial Reconstitution  
  83  5:29  Overlord  
  83  5:34  Extractor, Drone x2  
  84  5:36  Zergling x2, Overlord  
  84  5:40  Roach x2  
  89  5:45  Overlord  
  89  5:49  Queen x2  
  89  5:51  Queen  
  89  5:56  Drone x2  
  97  6:00  Hydralisk Den, Baneling x2  
  97  6:02  Baneling x2  
  97  6:03  Roach x2  
  100  6:09  Drone x4  
  104  6:19  Hatchery  
  104  6:20  Spore Crawler  
  104  6:22  Roach  
  104  6:23  Roach x2  
  108  6:27  Spore Crawler  
  108  6:29  Spore Crawler  
  108  6:31  Spore Crawler  
  105  6:32  Lurker Den  
  105  6:35  Zergling x2  
  105  6:36  Roach x3  
  105  6:37  Roach  
  113  6:41  Overlord  
  113  6:44  Zerg Ground Armor Level 1  
  113  6:47  Overlord  
  113  6:50  Overlord  
  111  6:54  Overlord  
  111  6:55  Roach  
  111  6:56  Roach x2  
  111  6:57  Drone x2  
  111  6:58  Drone  
  111  6:59  Drone x2  
  120  7:03  Baneling x2  
  120  7:07  Overseer  
  120  7:08  Spore Crawler  
  119  7:10  Spore Crawler, Drone x2  
  119  7:11  Overlord  
  119  7:12  Drone x3  
  123  7:17  Overlord  
  123  7:18  Overseer  
  120  7:24  Overlord  
  120  7:27  Extractor  
  120  7:28  Drone  
  120  7:29  Hydralisk  
  120  7:33  Infestation Pit  
  120  7:34  Drone x2  
  120  7:35  Hydralisk x2, Spore Crawler  
  120  7:36  Spore Crawler  
  125  7:37  Spore Crawler  
  125  7:41  Hydralisk x3  
  130  7:46  Drone x2  
  130  7:47  Spore Crawler, Drone  
  130  7:50  Drone x2  
  134  7:53  Spore Crawler  
  134  7:56  Overseer  
  134  7:58  Lurker  
  134  8:01  Hydralisk x2  
  134  8:02  Hydralisk x2  
  134  8:03  Spore Crawler  
  134  8:05  Lurker x2  
  143  8:07  Extractor  
  143  8:09  Extractor, Overlord  
  138  8:14  Hydralisk x2  
  142  8:20  Drone x3  
  142  8:22  Spore Crawler  
  142  8:23  Spore Crawler  
  142  8:24  Grooved Spines  
  129  8:29  Drone  
  129  8:30  Drone x2  
  129  8:32  Drone x2  
  129  8:33  Drone  
  132  8:38  Spore Crawler, Drone  
  132  8:39  Drone x3  
  135  8:44  Drone x2  
  131  8:50  Hydralisk x3  
  137  9:00  Drone x5  
  137  9:01  Lurker  
  137  9:02  Spore Crawler, Lurker  
  143  9:08  Hydralisk x2  
  143  9:09  Hydralisk  
  149  9:14  Hydralisk  
  151  9:21  Overlord x2  
  151  9:32  Hydralisk x3, Spore Crawler  
  151  9:34  Overseer  
  156  9:39  Spore Crawler  
  156  9:41  Drone x3  
  156  9:44  Drone x2  
  157  9:51  Drone  
  150  9:57  Hydralisk x5  
  158  10:03  Spore Crawler  
  158  10:04  Spore Crawler  
  151  10:11  Hydralisk x5  
  125  10:16  Hydralisk x2  
  125  10:17  Hydralisk, Roach x2  
  127  10:23  Overlord  
  120  10:32  Lurker x4  
  120  10:33  Lurker  
Tags
 
Add a new tag
Caveats
  • Supply blocks, unpowered buildings, or Contaminate may cause inaccurate times.
  • Supply counts are checked every 10 seconds.